 Dungeon Crawl Stone Soup version 0.31.0-9-g3a7656b989 (webtiles) character file.

Game seed: 15224744770962450913

63 qw the Shooter (level 3, -4/20 HPs)
             Began as a Deep Elf Hunter on Feb 2, 2024.
             Slain by Sigmund
             ... wielding a +0 scythe
              (10 damage)
             ... on level 2 of the Dungeon.
             The game lasted 00:00:04 (1238 turns).

qw the Shooter (Deep Elf Hunter)                    Turns: 1238, Time: 00:00:05

Health: -4/20      AC:  5    Str: 10    XL:     3   Next: 87%
Magic:  5/5        EV: 11    Int: 13    God:
Gold:   114        SH:  0    Dex: 18    Spells: 2/2 levels left

rFire   . . .        a - +0 shortbow (freeze)
rCold   . . .        (shield currently unavailable)
rNeg    . . .        d - +0 ring mail
rPois   .            (no helmet)
rElec   .            (no cloak)
rCorr   .            (no gloves)
SInv    .            (no boots)
Will    .....        (no amulet)
Stlth   +            (no ring)
HPRegen 0.23/turn    (no ring)
MPRegen 0.09/turn

%: no passive effects
@: no status effects
A: no striking features
a: no special abilities


You were on level 2 of the Dungeon.
You visited 1 branch of the dungeon, and saw 2 of its levels.

You collected 114 gold pieces.


   Skills:
 - Level 1.5 Fighting
 + Level 7.3 Ranged Weapons
 - Level 2.4 Dodging
 - Level 1.2 Stealth


You had 2 spell levels left.
You didn't know any spells.
Your spell library was empty.

Inventory:

Hand Weapons
 a - a +0 shortbow of freezing (weapon)
Armour
 d - a +0 ring mail (worn)
Scrolls
 b - a scroll of vulnerability {unknown}
Potions
 h - a potion of mutation
 i - a potion of lignification {unknown}

Dungeon Overview and Level Annotations

Branches:
Dungeon (2/15)

Altars:

Annotations:
D:2 Sigmund


Message History

You now have 114 gold pieces (gained 8).
Found a stone staircase leading down.
There is an escape hatch in the ceiling here.
An endoplasm comes into view.
You shoot an arrow.
The arrow hits the endoplasm but does no damage.
The endoplasm closely misses you.
You shoot an arrow. The arrow barely misses the endoplasm.
The endoplasm freezes you.
You are frozen.
You shoot an arrow. The arrow hits the endoplasm!
The arrow freezes the endoplasm.
You kill the endoplasm!
You start resting.
HP restored.
Sigmund the Dreaded comes into view.
He is wielding a +0 scythe.
Found an escape hatch in the floor.
Sigmund shouts!
Sigmund casts a spell at you. The magic dart hits you.
You shoot an arrow. The arrow closely misses Sigmund.
Sigmund closely misses you.
You shoot an arrow. The arrow barely misses Sigmund.
Sigmund barely misses you.
You shoot an arrow. The arrow hits Sigmund.
The arrow freezes Sigmund.
Sigmund is lightly wounded.
Sigmund hits you from afar with a +0 scythe!
You shoot an arrow.
The arrow hits Sigmund but does no damage.
Sigmund is lightly wounded.
Sigmund gestures at you while chanting. The magic dart hits you.
You shoot an arrow. The arrow closely misses Sigmund.
Sigmund barely misses you.
You shoot an arrow. The arrow hits Sigmund.
The arrow freezes Sigmund.
Sigmund is moderately wounded.
Sigmund hits you from afar with a +0 scythe!
Ouch! That really hurt!
You die...
Sigmund begins carving another notch in his scythe.

##..##.## #.#######
##.#..# #.......#
#.#.## #######.#
#...# #.# ##..#
#######.### #.>...
..........#
###############.#.#
>....@..#.#.#
#@#.#.# #.#.#.#
#...#.# #####.# .#


You could see Sigmund.

Vanquished Creatures
  2 adders (D:2)
  A dart slug (D:2)
  A ribbon worm (D:2)
  6 ball pythons
  7 endoplasms
  2 giant cockroaches (D:1)
  2 goblins (D:1)
  2 hobgoblins (D:1)
  4 jackals (D:2)
  2 kobolds (D:1)
  A quokka (D:2)
  4 bats
  2 frilled lizards (D:1)
36 creatures vanquished.

Notes
Turn   | Place    | Note
-------+----------+-------------------------------------------
     0 | D:1      | qw the Deep Elf Hunter began the quest for the Orb.
     0 | D:1      | Reached XP level 1. HP: 12/12 MP: 3/3
     0 | D:1      | 0 ||| qw: Version: 0.3-a-155-g5e7d8dd
     0 | D:1      | 0 ||| qw: Game counter: 1929
     0 | D:1      | 0 ||| qw: Melee chars always use a shield: true
     0 | D:1      | 0 ||| qw: God list: Okawaru
     0 | D:1      | 0 ||| qw: Allow faded altars: false
     0 | D:1      | 0 ||| qw: Do Orc after clearing Dungeon:15 true
     0 | D:1      | 0 ||| qw: Do second Lair branch before Depths: true
     0 | D:1      | 0 ||| qw: Lair rune preference: random
     0 | D:1      | 0 ||| qw: Goals: Normal
     0 | D:1      | 0 ||| PLANNING D:1-11
    85 | D:1      | Found a faded altar of an unknown god.
   195 | D:1      | Reached skill level 6 in Ranged Weapons
   195 | D:1      | Reached XP level 2. HP: 16/16 MP: 4/4
   810 | D:1      | 810 ||| UPGRADING to +0 ring mail.
   820 | D:1      | 820 ||| DROPPING +0 leather armour.
   821 | D:1      | 821 ||| READING scroll labelled RAFY RENEI.
   822 | D:1      | 822 ||| READING scroll labelled HOUNYZ QASI.
   823 | D:1      | 823 ||| READING scroll labelled WECWES LOKKYN.
   824 | D:1      | 824 ||| READING scroll labelled NAKLAU GABRIH.
   824 | D:1      | 824 ||| BRANDING +0 shortbow.
   825 | D:1      | 825 ||| READING scroll labelled IRGHIET MYOBI.
   825 | D:1      | 825 ||| IDENTIFYING bubbling green potion
   826 | D:1      | 826 ||| DRINKING 2 blue potions.
   827 | D:1      | 827 ||| DROPPING scroll of butterflies.
   828 | D:1      | 828 ||| DROPPING potion of brilliance.
   830 | D:1      | 830 ||| Stepping ~*~*~tactically~*~*~ (cloud).
   835 | D:1      | HP: 4/16 [poisoned by you (poison gas)]
   988 | D:2      | Reached XP level 3. HP: 20/20 MP: 5/5
  1094 | D:2      | Reached skill level 7 in Ranged Weapons
  1232 | D:2      | Noticed Sigmund
  1236 | D:2      | HP: 5/20 [Sigmund/magic dart (1)]
  1238 | D:2      | Slain by Sigmund

Levels and vault maps discovered:
D:1:      denvon_arrival_waterhouse, layout_basic,
          nicolae_ecumenical_snake_handling, serial_bayou_pond_b
D:2:      layout_basic, uniq_sigmund

Skill      XL: |  1  2  3 |
---------------+----------+-----
Ranged Weapons | 6 7 |  7.3
Fighting       | |  1.5
Dodging        | |  2.4
Stealth        | |  1.2

Action                     || total
---------------------------++-------
   Fire: Shortbow          ||    91
    Use: Scroll            ||     5
         Potion            ||     1
 Armour: Leather armour    ||     6
         Ring mail         ||    12
  Dodge: Dodged            ||    24

Table legend:
 A = Non-vault XP
 B = Vault XP
 C = Vault XP percentage of total XP
 D = Non-vault monster count
 E = Vault monster count
 F = Vault count percentage of total count
                 A         B        C        D         E       F
            +---------+---------+-------+---------+---------+-------
      Total |      81 |       9 |  10.0 |      30 |       6 |  16.7
            +---------+---------+-------+---------+---------+-------
        D:1 |      26 |       9 |  25.7 |      15 |       6 |  28.6
        D:2 |      55 |       0 |   0.0 |      15 |       0 |   0.0
            +---------+---------+-------+---------+---------+-------
